 Dungeon Crawl Stone Soup version 0.30-a0-371-gad7725a93e (webtiles) character file.

Game seed: 6544998819673480938

9032 porpoise the Covert (level 11, -5/55 HPs)
             Began as a Spriggan Enchanter on Nov 22, 2022.
             Was a High Priest of Okawaru.
             Slain by a brown ugly thing (14 damage)
             ... on level 9 of the Dungeon.
             The game lasted 00:55:29 (9531 turns).

porpoise the Covert (Spriggan Enchanter)            Turns: 9531, Time: 00:55:29

Health: -5/55      AC:  6    Str:  4    XL:     11   Next: 17%
Magic:  8/19       EV: 21    Int: 19    God:    Okawaru [*****.]
Gold:   970        SH:  5    Dex: 18    Spells: 3/20 levels left

rFire   + . .      SeeInvis +    a - +12 pair of quick blades "Gyre" and "Gimble" {protect}
rCold   + . .      Faith    .    (shield currently unavailable)
rNeg    + + .      Spirit   .    O - +4 robe "Forget-Me-Not" {Harm Fly rPois rN++}
rPois   +          Reflect  +    (helmet restricted)
rElec   .          Harm     +    Q - scarf {rC+ rF+}
rCorr   .          Rampage  .    (gloves unavailable)
Will    ++...                    (boots unavailable)
Stlth   +++++.....               j - amulet of reflection
HPRegen 0.29/turn                i - ring of willpower
MPRegen 0.16/turn                B - ring of poison resistance

@: confusing by touch, flying, very quick
A: very small, no large weapons, unfitting armour, see invisible, speed 3
a: Renounce Religion, Heroism, Finesse, Duel


You were on level 9 of the Dungeon.
You worshipped Okawaru.
Okawaru was extremely pleased with you.
You visited 2 branches of the dungeon, and saw 10 of its levels.
You also visited: Ossuary and Bailey.

You collected 1514 gold pieces.
You spent 544 gold pieces at shops.

Inventory:

Hand Weapons
 a - the +12 pair of quick blades "Gyre" and "Gimble" (weapon) {protect}
   (You acquired it on level 4 of the Dungeon)

   It grants its wielder temporary protection when it strikes (+7 to AC).
 b - a +1 sling
 d - a +1 dagger
 D - the +7 flail of the Three Lovers {vamp, Int+5}
   (You found it in a bailey)

   It occasionally heals its wielder for a portion of the damage dealt when it
   wounds a living foe.
   Int:       It affects your intelligence (+5).
Missiles
 h - 9 poisoned darts
 l - 8 boomerangs (quivered)
 L - a curare-tipped dart
 S - 4 throwing nets
Armour
 u - the +4 skin of Zhor {*Englaciate rC+++ SInv}
   (You acquired it on level 4 of the Dungeon)

   It radiates cold, occasionally slowing all nearby creatures who are not
   resistant to cold.
   rC:        It renders you almost immune to cold.
   SInv:      It lets you see invisible.
 O - the +4 robe "Forget-Me-Not" (worn) {Harm Fly rPois rN++}
   (Okawaru gifted it to you on level 8 of the Dungeon)

   rPois:     It protects you from poison.
   rN:        It greatly protects you from negative energy.
   Fly:       It grants you flight.
   Harm:      It increases damage dealt and taken.
 Q - a scarf of resistance (worn)
Magical Staves
 I - a staff of cold
Jewellery
 i - a ring of willpower (left hand)
 j - an amulet of reflection (around neck)
 y - the ring of Maawet {Fly rElec rPois rC+ Str-4}
   (You acquired it in an ossuary)

   [ring of flight]

   Str:       It affects your strength (-4).
   rC:        It protects you from cold.
   rElec:     It insulates you from electricity.
   rPois:     It protects you from poison.
   Fly:       It grants you flight.
 B - a ring of poison resistance (right hand)
Wands
 H - a wand of polymorph (7)
Scrolls
 e - 2 scrolls of enchant weapon
 f - 11 scrolls of teleportation
 g - 3 scrolls of identify
 k - a scroll of silence {unknown}
 m - a scroll of immolation {unknown}
 n - a scroll of fear
 q - 2 scrolls of enchant armour
 r - a scroll of blinking
 A - a scroll of fog {unknown}
 C - a scroll of brand weapon {unknown}
 J - a scroll of magic mapping
 K - a scroll of noise {unknown}
 P - a scroll of vulnerability {unknown}
 R - a scroll of amnesia {unknown}
 T - a scroll of summoning {unknown}
Potions
 c - 5 potions of invisibility
 o - 6 potions of brilliance
 p - 5 potions of curing
 s - 3 potions of might
 t - 4 potions of heal wounds
 v - a potion of berserk rage
 w - 2 potions of lignification
 x - 2 potions of ambrosia
 z - 3 potions of attraction
 E - 2 potions of magic
 F - 3 potions of haste
 G - a potion of cancellation
 M - a potion of mutation
 N - a potion of flight


   Skills:
 - Level 5.0 Fighting
 - Level 6.0 Short Blades
 + Level 6.5 Dodging
 - Level 12.0 Stealth
 - Level 5.0 Spellcasting
 - Level 3.0 Conjurations
 - Level 12.0 Hexes
 + Level 3.2 Transmutations
 - Level 5.0 Ice Magic


You had 3 spell levels left.
You knew the following spells:

 Your Spells              Type           Power      Damage    Failure   Level
a - Ensorcelled Hibernat  Hex/Ice        74%        N/A       1%          2
c - Confusing Touch       Hex            50%        N/A       1%          3
f - Cause Fear            Hex            25%        N/A       1%          4
r - Irradiate             Conj/Tmut      8%         3d14      67%         5
t - Tukima's Dance        Hex            50%        N/A       1%          3

Your spell library contained the following spells:

 Spells                   Type           Power      Damage    Failure   Level
 Slow                     Hex            100%       N/A       1%          1
 Dazzling Flash           Conj/Hex       66%        N/A       1%          3
 Inner Flame              Hex/Fire       27%        N/A       3%          3
 Portal Projectile        Hex/Tloc       54%        N/A       3%          3
 Static Discharge         Conj/Air       20%        2-3/arc   10%         2
 Apportation              Tloc           8%         N/A       12%         1
 Sublimation of Blood     Necr           4%         N/A       19%         2
 Stone Arrow              Conj/Erth      20%        3d8       21%         3
 Vhi's Electric Charge    Tloc/Air       8%         N/A       36%         3
 Leda's Liquefaction      Hex/Erth       13%        N/A       11%         4
 Petrify                  Tmut/Erth      10%        N/A       54%         4
 Enfeeble                 Hex            25%        N/A       58%         7
 Olgreb's Toxic Radiance  Pois           4%         N/A       77%         4
 Alistair's Intoxication  Tmut/Pois      6%         N/A       87%         5
 Arcjolt                  Conj/Air       5%         1d15      88%         5
 Lightning Bolt           Conj/Air       5%         1d17      88%         5
 Discord                  Hex            25%        N/A       99%         8
 Eringya's Noxious Bog    Tmut/Pois      5%         N/A       100%        6
 Ozocubu's Refrigeration  Ice            11%        4d10      100%        7
 Ignition                 Fire           2%         3d3       100%        8
 Lehudib's Crystal Spear  Conj/Erth      5%         10d3      100%        8
 Call Canine Familiar     Summ           Unusable   N/A       N/A         3
 Animate Armour           Summ/Erth      Unusable   N/A       N/A         4

Dungeon Overview and Level Annotations

Branches:
Dungeon (9/15)             Temple (1/1) D:6            Lair (0/5) D:8
Ossuary (visited)          Bailey (visited)
    Orc: D:9-12

Altars:
Ashenzari
Cheibriados
Dithmenos
Elyvilon
Fedhas
Gozag
Hepliaklqana
Kikubaaqudgha
Makhleb
Nemelex Xobeh
Okawaru
Qazlal
Ru
Sif Muna
Trog
Uskayaw
Vehumet
Wu Jian
Xom
Yredelemnul
Zin
The Shining One

Shops:
D:1 !   D:4 (   D:9 [


Innate Abilities, Weirdness & Mutations

You are very small and have problems with some larger weapons.
You are too small for most types of armour.
You have supernaturally acute eyesight. (SInv)
You cover ground extremely quickly. (Speed+++)


Message History

Confirm with . or Enter, or press ? or * to list all spells.
Aiming: Ensorcelled Hibernation (safe; 1% risk of failure)
Press: ? - help, Shift-Dir - straight line, f - killer bee
Aim: a killer bee (chance to affect: 72%)
The killer bee looks drowsy...
The killer bee buzzes angrily.
The killer bee misses you.
You hear an angry buzzing noise.
Casting: Ensorcelled Hibernation (safe; 1% risk of failure)
Confirm with . or Enter, or press ? or * to list all spells.
Aiming: Ensorcelled Hibernation (safe; 1% risk of failure)
Press: ? - help, Shift-Dir - straight line, f - brown ugly thing, p - killer bee
Aim: a brown ugly thing (chance to affect: 47%)
The killer bee is unaffected.
The killer bee stings you but does no damage.
Unknown command.
Casting: Ensorcelled Hibernation (safe; 1% risk of failure)
Confirm with . or Enter, or press ? or * to list all spells.
Aiming: Ensorcelled Hibernation (safe; 1% risk of failure)
Press: ? - help, Shift-Dir - straight line, f/p - brown ugly thing
Aim: a brown ugly thing (chance to affect: 47%)
The brown ugly thing resists with some effort.
Unknown command.
Casting: Ensorcelled Hibernation (safe; 1% risk of failure)
Confirm with . or Enter, or press ? or * to list all spells.
Aiming: Ensorcelled Hibernation (safe; 1% risk of failure)
Press: ? - help, Shift-Dir - straight line, f/p - brown ugly thing
Aim: a brown ugly thing (chance to affect: 47%)
The brown ugly thing resists with some effort.
A killer bee comes into view.
The brown ugly thing gores you but does no damage.
Unknown command.
Casting: Ensorcelled Hibernation (safe; 1% risk of failure)
Confirm with . or Enter, or press ? or * to list all spells.
Your hands begin to glow red.
The brown ugly thing gores you!
You are splashed with acid!
* * * LOW HITPOINT WARNING * * *
You hit the brown ugly thing but do no damage. x2
The brown ugly thing gores you!
You die...

##....#.##
##.#..###...........
##....####
####..##.##.....###
#....## c ##.)#.###...##
##...## . ###...####.##
....## #. #$##.†.....###
#....# ###.##
#.#....###...# ..#.##
#...cy ##)##.#..##.#.###
.####
##...yy##...#'##..#.#....
##
.....HDu@...).)##.#.#.###
.####
##....y##...####..#...###
..#.## #.....
##.##.#.......... #....#
###.## #.#.........[...
##..## #.
#!##...###.##### .....##
D ###...## #.# .###..## .
##..#.# #.# .# ##..####
####.....# #.# .#
##..#.## ##.#....### #.#


You could see a seven-headed hydra, a brown ugly thing, a centaur warrior, a
manticore, a vampire mosquito and 2 killer bees.

Vanquished Creatures
  Harold (D:9)
  A catoblepas (D:9)
  A two-headed ogre (D:8)
  An elephant (D:8)
  A gargoyle (Bailey)
  A hornet (D:8)
  A vampire (Bailey)
  A wraith (D:9)
  4 wyverns
  4 yaks (D:8)
  A basilisk (D:8)
  Edmund (D:6)
  3 water moccasins
  2 orc warriors (D:8)
  A hornet zombie (Ossuary)
  An ice beast (D:8)
  A black bear (D:8)
  2 sky beasts
  3 ogres
  3 centaurs
  A phantom (D:7)
  A kobold brigand (D:8)
  A bullfrog (D:7)
  3 necrophages
  2 wyvern zombies (Ossuary)
  A scorpion (D:5)
  2 water moccasin zombies (Ossuary)
  6 wights
  A killer bee (D:9)
  6 wolf zombies (Bailey)
  7 vampire bats (Bailey)
  4 howler monkeys (D:8)
  6 bullfrog zombies (Ossuary)
  6 centaur zombies (Ossuary)
  7 orc priests
  A jelly (D:6)
  3 hounds
  6 iguanas
  5 orc wizards
  Terence (D:2)
  2 killer bee zombies (Ossuary)
  11 mummies
  4 howler monkey zombies (Ossuary)
  3 adders
  4 gnolls (D:6)
  2 white imps
  An ufetubus (D:5)
  6 worms
  2 dart slugs
  18 orcs
  8 endoplasms
  7 giant cockroaches
  8 goblins
  11 hobgoblins
  4 jackals (D:2)
  5 quokkas
  6 ball pythons
  5 bats
  3 frilled lizards
  A hobgoblin zombie (D:7)
  16 kobolds
  A kobold zombie (D:7)
  29 orc zombies (Bailey)
  6 rats (D:1)
267 creatures vanquished.

Vanquished Creatures (others)
  2 fungi (D:8)
  2 plants (D:8)
  3 withered plants (Ossuary)
7 creatures vanquished.

Grand Total: 274 creatures vanquished

Notes
Turn   | Place    | Note
-------+----------+-------------------------------------------
     0 | D:1      | porpoise the Spriggan Enchanter began the quest for the
                  | Orb.
     0 | D:1      | Reached XP level 1. HP: 9/9 MP: 5/5
   122 | D:1      | Reached XP level 2. HP: 14/14 MP: 6/6
   453 | D:1      | Found Wehup's Distillery.
   470 | D:1      | Reached skill level 5 in Stealth
   516 | D:1      | Reached skill level 1 in Fighting
   959 | D:2      | Reached XP level 3. HP: 18/18 MP: 8/8
  1127 | D:2      | Noticed Terence
  1147 | D:2      | Killed Terence
  1410 | D:2      | Reached XP level 4. HP: 22/22 MP: 9/9
  1434 | D:2      | Learned a level 2 spell: Ensorcelled Hibernation
  1438 | D:2      | Learned a level 3 spell: Confusing Touch
  1442 | D:2      | Learned a level 3 spell: Tukima's Dance
  1697 | D:2      | Got the Vellum of Wyrd
  2223 | D:3      | Got the Almanac of Bewitchment
  2755 | D:3      | Found a sacrificial altar of Ru.
  2767 | D:3      | Reached XP level 5. HP: 26/26 MP: 10/10
  2959 | D:3      | Reached skill level 1 in Ice Magic
  3044 | D:4      | Identified the +8 plate armour of Ciedwumm {rElec rF++
                  | Int-2 Dex-4 Stlth+}
  3264 | D:4      | Found Ownuoll's Weapon Boutique.
  3500 | D:4      | Identified 2 scrolls of acquirement
  3500 | D:4      | Acquired the +4 skin of Zhor {*Englaciate rC+++ SInv}
  3500 | D:4      | Found the +4 skin of Zhor {*Englaciate rC+++ SInv}
  3513 | D:4      | Acquired the +12 pair of quick blades "Gyre" and "Gimble"
                  | {protect}
  3513 | D:4      | Found the +12 pair of quick blades "Gyre" and "Gimble"
                  | {protect}
  3684 | D:5      | Entered Level 5 of the Dungeon
  3722 | D:5      | Noticed an ogre
  3728 | D:5      | Killed an ogre
  3729 | D:5      | Reached XP level 6. HP: 30/30 MP: 8/11
  4005 | D:5      | Reached skill level 5 in Hexes
  4015 | D:5      | Noticed a water moccasin
  4023 | D:5      | Killed a water moccasin
  4054 | D:5      | Acquired 885 gold pieces
  4397 | D:5      | Reached XP level 7. HP: 34/34 MP: 8/12
  5398 | D:6      | Found a staircase to the Ecumenical Temple.
  5405 | Temple   | Entered the Ecumenical Temple
  5751 | Temple   | Became a worshipper of Warmaster Okawaru
  5921 | D:6      | Noticed Edmund
  5929 | D:6      | Killed Edmund
  5930 | D:6      | Reached XP level 8. HP: 39/39 MP: 8/13
  6312 | D:7      | Found a sand-covered staircase.
  6317 | Ossuary  | Entered an ossuary
  6358 | Ossuary  | Reached skill level 10 in Stealth
  6368 | Ossuary  | Reached * piety under Okawaru
  6572 | Ossuary  | Reached skill level 5 in Ice Magic
  6577 | Ossuary  | Learned a level 4 spell: Cause Fear
  6585 | Ossuary  | Reached ** piety under Okawaru
  6594 | Ossuary  | Reached XP level 9. HP: 30/42 MP: 14/14
  6714 | Ossuary  | Acquired the ring of Maawet {Fly rElec rPois rC+ Str-4}
  6716 | Ossuary  | Lost strength.
  6907 | D:7      | Found a flagged portal.
  6929 | Bailey   | Entered a bailey
  7154 | Bailey   | Reached skill level 5 in Spellcasting
  7300 | Bailey   | Noticed a gargoyle
  7308 | Bailey   | Killed a gargoyle
  7308 | Bailey   | Reached *** piety under Okawaru
  7334 | Bailey   | Learned a level 5 spell: Irradiate
  7337 | Bailey   | Identified the +7 flail of the Three Lovers {vamp, Int+5}
  7343 | Bailey   | Identified the +0 chain mail "Rakkirepp" {rF+ Str+4}
  7638 | D:7      | Reached skill level 10 in Hexes
  7865 | D:7      | Found a broken altar of Ashenzari.
  7867 | D:7      | Found an ornate altar of the Wu Jian Council.
  7964 | D:7      | Reached skill level 5 in Short Blades
  8104 | D:8      | Reached **** piety under Okawaru
  8105 | D:8      | Reached XP level 10. HP: 49/49 MP: 18/18
  8107 | D:8      | Noticed an elephant
  8130 | D:8      | Killed an elephant
  8137 | D:8      | Found a staircase to the Lair.
  8410 | D:8      | Reached skill level 1 in Conjurations
  8527 | D:8      | Reached skill level 5 in Fighting
  8528 | D:8      | Reached ***** piety under Okawaru
  8539 | D:8      | Noticed a two-headed ogre
  8546 | D:8      | Killed a two-headed ogre
  8546 | D:8      | Identified the +4 robe "Forget-Me-Not" {Harm Fly rPois
                  | rN++} (Okawaru gifted it to you on level 8 of the Dungeon)
  8546 | D:8      | Received a gift from Okawaru
  8976 | D:9      | Found Xefe Picoto's Armour Boutique.
  9133 | D:9      | Bought a scarf of resistance for 544 gold pieces
  9159 | D:9      | Noticed Harold
  9162 | D:9      | Killed Harold
  9163 | D:9      | Reached skill level 5 in Dodging
  9163 | D:9      | Reached XP level 11. HP: 55/55 MP: 19/19
  9358 | D:9      | Reached skill level 1 in Transmutations
  9503 | D:9      | Noticed a catoblepas
  9506 | D:9      | Noticed a centaur warrior
  9506 | D:9      | Noticed a seven-headed hydra
  9515 | D:9      | Noticed a brown ugly thing
  9525 | D:9      | Killed a catoblepas
  9531 | D:9      | Slain by a brown ugly thing

Illustrated notes

Levels and vault maps discovered:
D:1:      minmay_arrival_radiant_lines, layout_basic, serial_shops,
          nicolae_shop_statue_plus, minmay_tiny_reverse_x
D:2:      minmay_angry_zag, layout_basic, uniq_terence
D:3:      layout_rooms, nicolae_ru_great_annihilating_truth, chequers_avenue,
          nicolae_underground_beach
D:4:      layout_cave_pools, serial_shops, shop
D:5:      layout_basic
D:6:      layout_basic, minmay_temple_entry_nine_rooms, uniq_edmund
D:7:      layout_cave_pools, chequers_temple_overflow_statue_of_worship,
          enter_bailey_4, nicolae_ossuary_entry_giza, minmay_starry_boxes
D:8:      layout_rooms, david_lair_generic
D:9:      layout_loops_ring, serial_shops, shop, nicolae_stop_n_shop_1,
          nicolae_stop_n_shop_1, minmay_fractal_squares_gapless_7, uniq_harold
Temple:   compressed_dpeg_triangle_lava_temple

Skill      XL: |  1  2  3  4  5  6  7  8  9 10 11 |
---------------+----------------------------------+-----
Stealth        | 5 6 7 8 9 11 12 | 12.0
Fighting       | 1 3 5 |  5.0
Short Blades   | 2 5 6 |  6.0
Hexes          | 4 5 6 8 10 11 12 | 12.0
Ice Magic      | 1 2 3 5 |  5.0
Spellcasting   | 3 5 |  5.0
Conjurations   | 3 |  3.0
Dodging        | 5 6 |  6.5
Transmutations | 3 |  3.2

Action                   |  1- 3 |  4- 6 |  7- 9 | 10-12 || total
-------------------------+-------+-------+-------+-------++-------
Melee: Dagger            |   130 |    47 |       |       ||   177
       Punch             |     1 |     1 |       |       ||     2
       Pair of quick bla |       |    16 |   245 |   141 ||   402
 Fire: Sling             |     3 |   146 |       |       ||   149
Throw: Dart              |     8 |     5 |     1 |       ||    14
       Boomerang         |       |     5 |     3 |       ||     8
 Cast: Ensorcelled Hiber |       |    13 |    18 |     4 ||    35
       Confusing Touch   |       |     1 |       |     1 ||     2
       Cause Fear        |       |       |       |     1 ||     1
Evoke: Wand              |       |       |       |     2 ||     2
  Use: Scroll            |       |    10 |    12 |     2 ||    24
 Stab: Sleeping          |    13 |    13 |    31 |     5 ||    62
       Distracted        |       |     1 |     7 |     1 ||     9
       Confused          |       |     1 |       |       ||     1
Armor: Robe              |     9 |     1 |       |     5 ||    15
       Animal skin       |       |     2 |    43 |     5 ||    50
Dodge: Dodged            |    63 |    44 |    83 |    49 ||   239
Block: Other             |     9 |    13 |    25 |    14 ||    61
       Reflection        |       |     1 |       |       ||     1

Table legend: (Time is in decaauts)
 A = Elapsed time spent in this place.
 B = Non-inter-level travel time spent in this place.
 C = Inter-level travel time spent in this place.
 D = Time resting spent in this place.
 E = Time spent auto-exploring this place.
 F = Levels seen in this place.
 G = Mean time per level.
                   A        B        C        D        E       F      G
               +--------+--------+--------+--------+--------+-----+--------+
         Total |   7043 |   6897 |    146 |   2199 |   2873 |  12 |  586.9 |
       Dungeon |   5980 |   5837 |    143 |   1843 |   2594 |   9 |  664.4 |
        Temple |    212 |    209 |      3 |      0 |    186 |   1 |  212.0 |
       Ossuary |    455 |    455 |      0 |    176 |     50 |   1 |  455.0 |
        Bailey |    395 |    395 |      0 |    180 |     42 |   1 |  395.0 |
               +--------+--------+--------+--------+--------+-----+--------+

Top non-repeatable levels by time:
     D:2: 1070 daAuts
     D:6: 806 daAuts
     D:1: 721 daAuts
     D:8: 718 daAuts
     D:3: 711 daAuts
     D:5: 710 daAuts
     D:7: 538 daAuts
 Ossuary: 455 daAuts
     D:4: 404 daAuts
  Bailey: 395 daAuts
     D:9: 298 daAuts
  Temple: 212 daAuts
